 Dungeon Crawl Stone Soup version 0.30-a0-723-gc1506a1cf0 (webtiles) character file.

Game seed: 18123976476398353193

2406 xian the Shield-Bearer (level 9, -2/85 HPs)
             Began as a Troll Fighter on Jan 28, 2023.
             Killed from afar by an electric eel (11 damage)
             ... with a bolt of electricity
             ... on level 6 of the Dungeon.
             The game lasted 00:18:09 (5874 turns).

xian the Shield-Bearer (Troll Fighter)              Turns: 5874, Time: 00:18:10

Health: -2/85      AC:  6    Str: 30    XL:     9   Next: 23%
Magic:  8/8        EV:  9    Int: 14    God:
Gold:   394        SH: 15    Dex:  9    Spells: 8/8 levels left

rFire   x . .      SeeInvis .    n - +1 short sword (freeze)
rCold   + . .      Faith    .    c - +1 kite shield
rNeg    . . .      Spirit   .    A - +1 robe of Unreason {Int+4}
rPois   .          Reflect  +    (helmet restricted)
rElec   .          Harm     .    C - +0 cloak
rCorr   .          Rampage  .    (gloves unavailable)
Will    .....                    (boots unavailable)
Stlth   +                        w - amulet of reflection
HPRegen 1.14/turn                l - +6 ring of intelligence
MPRegen 0.11/turn                o - ring of ice

@: no status effects
A: large, unfitting armour, claws 3, regeneration 1, shaggy fur 1, tough skin 1
a: no special abilities


You were on level 6 of the Dungeon.
You visited 1 branch of the dungeon, and saw 6 of its levels.
You also visited: Sewer.

You collected 394 gold pieces.

Inventory:

Hand Weapons
 a - a +0 flail
 e - a +1 dagger of electrocution
 n - a +1 short sword of freezing (weapon)
 B - a +4 short sword
Missiles
 i - 9 boomerangs
 m - 5 curare-tipped darts
 x - 6 datura-tipped darts
 H - 3 poisoned darts (quivered)
Armour
 c - a +1 kite shield (worn)
 A - the +1 robe of Unreason (worn) {Int+4}
   (You found it on level 4 of the Dungeon)

   Int:       It affects your intelligence (+4).
 C - a +0 cloak (worn)
Jewellery
 b - a ring of flight
 l - a +6 ring of intelligence (left claw)
 o - a ring of ice (right claw)
 w - an amulet of reflection (around neck)
Wands
 G - a wand of iceblast (2)
Scrolls
 g - a scroll of magic mapping
 j - 4 scrolls of fear
 k - a scroll of acquirement {unknown}
 q - a scroll of brand weapon {unknown}
 r - 2 scrolls of blinking
 y - a scroll of torment
 I - 3 scrolls of teleportation
Potions
 d - a potion of might
 f - a potion of heal wounds {unknown}
 h - 4 potions of brilliance {unknown}
 p - a potion of magic {unknown}
 t - 4 potions of cancellation {unknown}
 v - a potion of attraction {unknown}
 z - 2 potions of curing {unknown}
 F - a potion of resistance {unknown}
 J - a potion of degeneration {unknown}


   Skills:
 + Level 4.4 Fighting
 + Level 4.6 Short Blades
 + Level 2.1 Maces & Flails
 + Level 2.2 Throwing
 + Level 5.3 Dodging
 + Level 1.0 Stealth
 + Level 7.2 Shields


You had 8 spell levels left.
You didn't know any spells.
Your spell library contained the following spells:

 Spells                   Type           Power      Damage    Failure   Level
 Apportation              Tloc           0%         N/A       52%         1
 Necrotise                Necr           0%         1d4       52%         1
 Summon Small Mammal      Summ           0%         N/A       52%         1
 Ozocubu's Armour         Ice            0%         N/A       87%         3
 Malign Gateway           Summ/Tloc      0%         N/A       100%        7
 Ozocubu's Refrigeration  Ice            0%         4d7       100%        7
 Summon Horrible Things   Summ           0%         N/A       100%        8


Dungeon Overview and Level Annotations

Branches:
Dungeon (6/15)              Sewer (visited)
 Temple: D:4-7

Altars:
Ashenzari
Elyvilon
Xom
Yredelemnul
The Shining One

Shops:
D:5 (

Annotations:
D:3 1 runed translucent door, kbot's ghost, amateur MiFi


Innate Abilities, Weirdness & Mutations

You are too large for most types of armour.
You have claws for hands.
Your natural rate of healing is unusually fast.
You are covered in fur. (AC +1)
You have tough skin. (AC +1)


Message History

* * * LOW HITPOINT WARNING * * *
The bolt of electricity hits you!
* * * LOW HITPOINT WARNING * * *
The bolt of electricity hits the electric eel.
The electric eel completely resists.
You hit the electric eel.
The electric eel is moderately wounded.
You completely miss the electric eel.
The electric eel is moderately wounded.
You hit the electric eel.
The electric eel is heavily wounded.
You miss the electric eel.
The electric eel is moderately wounded.
You barely miss the electric eel.
The electric eel is moderately wounded.
Your +1 dagger of electrocution stops crackling.
Your +1 short sword of freezing glows with a cold blue light!
n - a +1 short sword of freezing (weapon)
You closely miss the electric eel.
The electric eel is moderately wounded.
You hit the electric eel but do no damage.
The electric eel is moderately wounded.
The electric eel shoots out a bolt of lightning at you!
The bolt of electricity misses you. x2
The bolt of electricity hits the electric eel.
The electric eel completely resists.
You hit the electric eel but do no damage.
The electric eel is moderately wounded.
The electric eel shoots out a bolt of lightning at you!
The bolt of electricity hits you.
* * * LOW HITPOINT WARNING * * *
The bolt of electricity hits you!
* * * LOW HITPOINT WARNING * * *
The bolt of electricity hits the electric eel.
The electric eel completely resists.
You barely miss the electric eel.
The electric eel is moderately wounded.
The electric eel shoots out a bolt of lightning at you!
The bolt of electricity hits you!
You die...

....# #.# ****#. .#..# #.* *,,,..
.#..####### #.* **********,,,..
.#.†##..).# #.##***,,,,,,,,,,,,..
.....#....# #...,,,,,,******,,...
##...#....# #..#########******#..
*#........# #..#........,,,,,,#.#
*##..#....# #..#.~≈~~~≈≈~~~~~,*,*
#..##...###..'@≈≈≈≈≈~≈~~~~~,+..
#..####..##..#.S≈≈≈≈≈≈~~~~~,#.#
#..#####.##..#.~~~~≈≈~~~~~~,#,*
#..#........##........,,,,,,*,*
#...........##########*******,*
**#.##.####.#.#,,,,,* *,**,,*,,
*,,,..,,,.......,,,,*****,,,,,*,,
#####*,,..........,,,,,,,,,,,,*,,
....##..####.#....#*****,,,****,*


You could see an electric eel.

Vanquished Creatures
  Pikel (D:6)
  Grinder (D:5)
  Eustachio (D:5)
  Edmund (D:5)
  Duvessa (D:5)
  Pargi (Sewer)
  A black bear (D:6)
  A centaur (D:5)
  A phantom (D:5)
  A gnoll sergeant (D:4)
  2 scorpions
  3 necrophages (D:4)
  2 wights (D:4)
  Dowan (D:5)
  A bullfrog zombie (D:4)
  A hound (D:6)
  A jelly (D:4)
  A human zombie (D:4)
  An orc wizard (D:4)
  A scorpion zombie (D:4)
  2 hound zombies (D:4)
  2 mummies (D:4)
  5 gnolls
  10 adders
  5 worms
  6 dart slugs
  13 orcs
  5 bats (D:1)
  4 endoplasms
  6 giant cockroaches
  14 goblins
  11 hobgoblins
  4 jackals (D:5)
  8 quokkas
  13 ball pythons
  7 frilled lizards
  14 kobolds
  6 rats
159 creatures vanquished.

Vanquished Creatures (others)
  10 plants (D:1)
10 creatures vanquished.

Grand Total: 169 creatures vanquished

Notes
Turn   | Place    | Note
-------+----------+-------------------------------------------
     0 | D:1      | xian the Troll Fighter began the quest for the Orb.
     0 | D:1      | Reached XP level 1. HP: 22/22 MP: 0/0
   213 | D:1      | Reached XP level 2. HP: 29/29 MP: 1/1
   298 | D:1      | HP: 1/29 [goblin/+1 dagger of electrocution (1)]
   379 | D:1      | Reached skill level 3 in Shields
   530 | D:1      | Reached XP level 3. HP: 36/36 MP: 2/2
  1203 | D:2      | Found a faded altar of an unknown god.
  1309 | D:2      | Reached XP level 4. HP: 13/45 MP: 3/3
  1506 | D:2      | Reached skill level 1 in Short Blades
  1888 | D:3      | Noticed kbot's ghost (amateur MiFi)
  1893 | D:3      | Found a runed translucent door.
  1957 | D:3      | Found a white marble altar of Elyvilon.
  1995 | D:3      | Reached XP level 5. HP: 53/53 MP: 4/4
  2108 | D:3      | You fall into a shaft and drop 2 floors!
  2108 | D:5      | Entered Level 5 of the Dungeon
  2329 | D:4      | Identified the +1 robe of Unreason {Int+4}
  2685 | D:4      | Reached XP level 6. HP: 61/61 MP: 5/5
  2704 | D:4      | Found a basalt altar of Yredelemnul.
  2750 | D:4      | Reached skill level 4 in Shields
  2791 | D:4      | Reached XP level 7. HP: 66/67 MP: 6/6
  3248 | D:4      | Reached skill level 5 in Shields
  3410 | D:4      | Found a glowing golden altar of the Shining One.
  3672 | D:5      | Noticed Duvessa
  3672 | D:5      | Noticed Dowan
  3687 | D:5      | Killed Duvessa
  3709 | D:5      | Killed Dowan
  3745 | D:5      | Found Hiocs's Weapon Emporium.
  3748 | D:5      | Reached XP level 8. HP: 75/78 MP: 7/7
  3831 | D:5      | Noticed Eustachio
  4034 | D:5      | Killed Eustachio
  4035 | D:5      | Reached skill level 1 in Throwing
  4211 | D:5      | Noticed Grinder
  4215 | D:5      | Paralysed by Grinder for 2 turns
  4221 | D:5      | Paralysed by Grinder for 3 turns
  4246 | D:5      | Killed Grinder
  4247 | D:5      | Reached skill level 6 in Shields
  4396 | D:5      | Found a broken altar of Ashenzari.
  4406 | D:5      | Noticed Edmund
  4426 | D:5      | Killed Edmund
  4427 | D:5      | Reached skill level 5 in Dodging
  4848 | D:6      | Found a shimmering altar of Xom.
  5066 | D:6      | Noticed a troll
  5230 | D:6      | Identified the +6 leather armour "Gor Xeemp" {Int+4}
  5379 | D:6      | Found a glowing drain.
  5386 | Sewer    | Entered a sewer
  5467 | Sewer    | Noticed Pargi
  5482 | Sewer    | Killed Pargi
  5752 | D:6      | Noticed Pikel
  5792 | D:6      | Killed Pikel
  5793 | D:6      | Reached skill level 1 in Stealth
  5793 | D:6      | Reached skill level 7 in Shields
  5793 | D:6      | Reached XP level 9. HP: 37/85 MP: 8/8
  5874 | D:6      | Killed from afar by an electric eel

Illustrated notes

Levels and vault maps discovered:
D:1:      shiori_arrival_maze, layout_loops_ring,
          hangedman_decor_clover_reticule, minivault_27, nicolae_eternal_life,
          lexackson_kobold_supper
D:2:      layout_basic, basic_ecumenical_altar, minmay_split_cup_large
D:3:      layout_basic, mainiacjoe_overflow_tiny_flanked,
          hellmonk_ghost_happy_afterlife, serial_park_tiny_1,
          chequers_serial_rivers_micro_d, uniq_sigmund
D:4:      layout_basic, tso_metal_star, lemuel_mausoleum_altar_yredelemnul,
          lightli_minifort
D:5:      layout_cave_pods, mainiacjoe_overflow_small_starburst, serial_shops,
          nicolae_shop_bloodbath_and_beyond, uniq_duvessa, uniq_grinder,
          uniq_eustachio, uniq_edmund
D:6:      layout_basic, grunt_temple_overflow_gold_and_silver,
          mainiacjoe_overflow_cross_hatched, gup_sewer_entry_bubbles,
          nrook_pool_corridor, lightli_corner_chamber, uniq_pikel

Skill      XL: |  1  2  3  4  5  6  7  8 |
---------------+-------------------------+-----
Maces & Flails | 2 |  2.1
Shields        | 3 4 5 7 |  7.2
Fighting       | 3 4 |  4.4
Dodging        | 3 4 5 |  5.3
Short Blades   | 1 2 3 4 |  4.6
Throwing       | 2 |  2.2
Stealth        | 1 |  1.0

Action                     |  1- 3 |  4- 6 |  7- 9 || total
---------------------------+-------+-------+-------++-------
  Melee: Flail             |    71 |       |       ||    71
         Dagger            |   121 |   279 |   378 ||   778
         Short sword       |       |       |     4 ||     4
  Throw: Dart              |     5 |     2 |    15 ||    22
         Boomerang         |       |       |     4 ||     4
    Use: Scroll            |       |       |    10 ||    10
   Stab: Sleeping          |     1 |       |       ||     1
 Armour: Robe              |    70 |    54 |    64 ||   188
  Dodge: Dodged            |    65 |    91 |   109 ||   265
  Block: Kite shield       |    68 |   131 |   272 ||   471
         Reflection        |       |     2 |     3 ||     5

Table legend: (Time is in decaauts)
 A = Elapsed time spent in this place.
 B = Non-inter-level travel time spent in this place.
 C = Inter-level travel time spent in this place.
 D = Time resting spent in this place.
 E = Time spent auto-exploring this place.
 F = Levels seen in this place.
 G = Mean time per level.
                   A        B        C        D        E       F      G
               +--------+--------+--------+--------+--------+-----+--------+
         Total |   5915 |   5779 |    136 |    316 |   3147 |   7 |  845.0 |
       Dungeon |   5745 |   5609 |    136 |    316 |   3075 |   6 |  957.5 |
         Sewer |    169 |    169 |      0 |      0 |     72 |   1 |  169.0 |
               +--------+--------+--------+--------+--------+-----+--------+

Top non-repeatable levels by time:
     D:4: 1470 daAuts
     D:1: 1195 daAuts
     D:5: 1066 daAuts
     D:6: 877 daAuts
     D:2: 692 daAuts
     D:3: 442 daAuts
   Sewer: 169 daAuts
